 Dungeon Crawl Stone Soup version 0.23.2-33-g5129a83184 (webtiles) character file.

Game seed: 7887844535957060774

393 psyvane the Slasher (level 6, -1/48 HPs)
             Began as a Draconian Skald on July 10, 2019.
             Slain by a gnoll shaman
             ... wielding a +3 whip of freezing
              (9 damage)
             ... on level 3 of the Dungeon.
             The game lasted 00:13:40 (3349 turns).

psyvane the Slasher (Draconian Skald)               Turns: 3349, Time: 00:13:40

Health: -1/48      AC:  7    Str: 14    XL:     6   Next: 51%
Magic:  12/18      EV: 12    Int: 13    God:
Gold:   159        SH:  0    Dex: 12    Spells: 1/9 levels left

rFire    . . .     SeeInvis .   a - +2 falchion
rCold    . . .     Gourm    .   (no shield)
rNeg     . . .     Faith    .   (armour unavailable)
rPois    .         Spirit   .   (helmet restricted)
rElec    .         Reflect  .   f - +0 cloak
rCorr    .         Harm     .   (no gloves)
MR       .....                  (no boots)
Stlth    +.........             (no amulet)
HPRegen  0.16/turn              l - ring of magical power
MPRegen  0.16/turn              b - ring of wizardry

@: singing (expiring), slowed, very slow
A: unfitting armour, cold-blooded, AC +6
a: no special abilities


You were on level 3 of the Dungeon.
You were hungry.

You visited 1 branch of the dungeon, and saw 4 of its levels.

You collected 159 gold pieces.

Inventory:

Hand Weapons
 a - a +2 falchion (weapon)
 i - a cursed -3 long sword
Armour
 f - a +0 cloak (worn)
Jewellery
 b - a ring of wizardry (right hand)
 g - an uncursed ring of flight
 l - a ring of magical power (left hand)
 t - an uncursed ring of fire
Wands
 m - a wand of iceblast (5)
Scrolls
 n - a scroll of remove curse
 r - a scroll of amnesia {unknown}
 s - 2 scrolls of magic mapping
Potions
 d - a potion of mutation {unknown}
 e - a potion of might {unknown}
 h - 2 potions of magic {unknown}
 k - a potion of curing {unknown}
 p - a potion of agility {unknown}
 q - a potion of degeneration {unknown}
Comestibles
 c - 5 rations
 o - 3 chunks of flesh


   Skills:
 - Level 2.1 Fighting
 * Level 7.0 Long Blades
 - Level 2.1 Dodging
 - Level 2.0 Spellcasting
 - Level 2.6 Charms
 - Level 0.1 Translocations


You had one spell level left.
You knew the following spells:

 Your Spells              Type           Power        Failure   Level  Hunger
a - Infusion              Chrm           #...         3%          1    ##.....
b - Song of Slaying       Chrm           #.......     5%          2    ###....
c - Shroud of Golubria    Chrm/Tloc      #.........   9%          2    ###....
d - Regeneration          Chrm/Necr      #.........   17%         3    ####...

Your spell library contained the following spells:

 Spells                   Type           Power        Failure   Level  Hunger
 Spectral Weapon          Hex/Chrm       #.......     17%         3    ####...


Dungeon Overview and Level Annotations

Branches:
Dungeon (4/15)
 Temple: D:4-7

Altars:


Innate Abilities, Weirdness & Mutations

Your plain brown scales are hard. (AC +6)
You cannot fit into any form of body armour.
You are cold-blooded and may be slowed by cold attacks.


Message History

The gnoll shaman hits you with a +3 whip of freezing!
* * * LOW HITPOINT WARNING * * *
Your shroud falls apart!
You feel as though you will be slow longer.
The gnoll shaman freezes you.
* * * LOW HITPOINT WARNING * * *
Okay, then.
You feel much better.
Your skin stops crawling.
Your song is almost over.
The gnoll shaman hits you with a +3 whip of freezing.
The gnoll shaman freezes you.
The gnoll shaman hits you with a +3 whip of freezing!
* * * LOW HITPOINT WARNING * * *
You feel as though you will be slow longer.
The gnoll shaman freezes you.
* * * LOW HITPOINT WARNING * * *
As you read the scroll of fog, it crumbles to dust.
The scroll dissolves into smoke.
The gnoll shaman hits you with a +3 whip of freezing!
You die...

#..................##.#.##.#
#....(......###.#.###.#.##.#
##########.## #.#.# #.#.##.#
#####.# #.#.# #.#.##.#
#.....# #.#.# #.#.##.#
#######.##### #.#.###.#.##.#
........#### #.........##.#
####.......######§####.####.#
...'...........g@§..........#
####........####§§#####.#####
...............§§§§.......#
###.....................#.#
###.........###..######.#.#
..#.#######.###...........#
..'.......................#
.(##.######.#####.#######.#
'###..##..........# #.#


You could see a gnoll shaman.

Vanquished Creatures
  A scorpion (D:4)
  An orc wizard (D:4)
  Ijyb (D:3)
  A worker ant (D:4)
  Natasha (thrice) (D:2)
  2 gnolls (D:3)
  7 adders
  An ooze (D:1)
  2 worms
  5 leopard geckos
  8 orcs
  5 giant cockroaches
  7 goblins
  13 hobgoblins
  A quokka (D:2)
  9 bats
  6 frilled lizards
  8 kobolds
  A leopard gecko skeleton (D:4)
  6 rats
88 creatures vanquished.

Notes
Turn   | Place    | Note
-------+----------+-------------------------------------------
     0 | D:1      | psyvane the Draconian Skald began the quest for the Orb.
     0 | D:1      | Reached XP level 1. HP: 17/17 MP: 3/3
    81 | D:1      | Reached XP level 2. HP: 21/24 MP: 1/5
    87 | D:1      | Learned a level 2 spell: Song of Slaying
    90 | D:1      | Learned a level 2 spell: Shroud of Golubria
   132 | D:1      | Reached skill level 3 in Long Blades
   312 | D:1      | Reached XP level 3. HP: 29/29 MP: 6/6
   726 | D:2      | Noticed Natasha
   739 | D:2      | Killed Natasha
   739 | D:2      | Reached skill level 4 in Long Blades
   739 | D:2      | Reached XP level 4. HP: 30/36 MP: 3/7
   743 | D:2      | Noticed Natasha
   759 | D:2      | Killed Natasha
  1056 | D:2      | Noticed Natasha
  1077 | D:2      | Killed Natasha
  1077 | D:2      | Reached skill level 5 in Long Blades
  1322 | D:2      | Reached XP level 5. HP: 41/41 MP: 6/8
  1526 | D:2      | Learned a level 3 spell: Regeneration
  1637 | D:3      | Noticed Ijyb
  1699 | D:3      | Killed Ijyb
  2418 | D:3      | Reached skill level 6 in Long Blades
  2813 | D:4      | Reached XP level 6. HP: 39/48 MP: 9/9
  3342 | D:3      | Reached skill level 7 in Long Blades
  3349 | D:3      | Slain by a gnoll shaman

Skill      XL: |  1  2  3  4  5  6 |
---------------+-------------------+-----
Long Blades    | 3 4 5 6 7 |  7.0
Fighting       | |  2.1
Dodging        | |  2.1
Spellcasting   | |  2.0
Charms         | |  2.6
Translocations | |  0.1

Action                   |  1- 3 |  4- 6 || total
-------------------------+-------+-------++-------
Melee: Falchion          |    90 |   255 ||   345
       Tailslap          |     8 |    48 ||    56
 Cast: Infusion          |     1 |       ||     1
       Shroud of Golubri |     2 |    28 ||    30
       Song of Slaying   |     1 |     7 ||     8
       Regeneration      |       |     1 ||     1
  Use: Scroll            |     2 |     8 ||    10
       Potion            |       |     3 ||     3
 Stab: Sleeping          |     1 |       ||     1
  Eat: Chunk             |       |    11 ||    11
Armor: Skin              |    42 |    91 ||   133
Dodge: Dodged            |    66 |   196 ||   262
       Rpst.: Falchion   |    21 |    70 ||    91
